 Seeded DCSS version 0.27.1-36-g1b1ada6b1e (webtiles) character file.

Game seed: 20230207 (custom seed)

45 Mickster the Skirmisher (level 3, -16/41 HPs)
             Began as an Ogre Abyssal Knight on Feb 8, 2023.
             Was a Believer of Lugonu.
             Demolished by a gnoll (17 damage)
             ... on level 2 of the Dungeon.
             The game lasted 00:14:45 (1122 turns).

Mickster the Skirmisher (Ogre Abyssal Knight)       Turns: 1122, Time: 00:14:45

Health: -16/41     AC:  3    Str: 14 (17) XL:     3   Next: 64%
Magic:  4/4        EV:  9    Int: 10 (13) God:    Lugonu [**....]
Gold:   22         SH:  0    Dex:  6 (8)  Spells: 2/2 levels left

rFire    . . .     SeeInvis .   a - +1 hand axe
rCold    . . .     Faith    .   (no shield)
rNeg     . . .     Spirit   .   b - +0 robe
rPois    .         Reflect  .   (helmet restricted)
rElec    .         Harm     .   (no cloak)
rCorr    .         Rampage  .   (gloves unavailable)
Will     .....                  (boots unavailable)
Stlth    +.........             (no amulet)
HPRegen  0.13/turn              (no ring)
MPRegen  0.09/turn              (no ring)

@: no status effects
A: large, unfitting armour, tough skin 1
a: Renounce Religion, Depart the Abyss, Bend Space


You were on level 2 of the Dungeon.
You worshipped Lugonu.
Lugonu was pleased with you.
You visited 1 branch of the dungeon, and saw 2 of its levels.
You visited the Abyss 1 time.

You collected 22 gold pieces.

Inventory:

Hand Weapons
 a - a +1 hand axe (weapon)
 c - a +0 club
 h - a +0 dagger
Missiles
 d - 51 sling bullets
Armour
 b - a +0 robe (worn)
Scrolls
 e - a scroll of identify


   Skills:
 + Level 4.9 Fighting
 + Level 2.6 Axes
 + Level 2.4 Dodging
 + Level 0.6 Stealth
 + Level 2.1 Invocations


You had 2 spell levels left.
You didn't know any spells.
Your spell library contained the following spells:

 Spells                   Type           Power      Damage    Failure   Level
 Static Discharge         Conj/Air       0%         N/A       50%         2
 Dispel Undead            Necr           0%         3d6       98%         4
 Sticky Flame             Conj/Fire      0%         2d3       98%         4


Dungeon Overview and Level Annotations

Branches:
Dungeon (2/15)

Altars:


Innate Abilities, Weirdness & Mutations

You are too large for most types of armour.
You have tough skin. (AC +1)


Message History

The adder bites you.
You are poisoned.
The adder poisons you! The gnoll closely misses you.
You hit the adder.
The adder is moderately wounded.
You feel sick. The adder barely misses you.
The gnoll hits you but does no damage. The adder bites you but does no damage.
You miss the adder.
The adder is moderately wounded.
You feel sick.
The gnoll hits you from afar with a +0 spear.
The adder bites you but does no damage.
You barely miss the adder.
The adder is moderately wounded.
You feel sick.
You are no longer poisoned.
The adder completely misses you. The adder barely misses you.
You hit the adder.
The adder is almost dead.
The adder bites you but does no damage.
You hit the adder.
You kill the adder!
Lugonu accepts your kill.
You barely miss the gnoll. The gnoll barely misses you.
You hit the gnoll.
The gnoll is heavily wounded.
The gnoll hits you from afar with a +0 spear. x2
The gnoll barely misses you. The gnoll hits you with a +0 flail.
The gnoll hits you with a +0 spear.
* * * LOW HITPOINT WARNING * * *
You see here an adder corpse.
You hit the gnoll.
The gnoll is moderately wounded.
You hit the gnoll. The gnoll closely misses you.
The gnoll hits you with a +0 flail!
* * * LOW HITPOINT WARNING * * *
The gnoll hits you with a +0 spear.
* * * LOW HITPOINT WARNING * * *
The gnoll hits you from afar with a +1 halberd of venom!
You die...

#.# #.# ### #.#
..# #.# . ## #g#
#.#####.# ..
#g###.#.....#
###.#@##........#
#.....g.)...#
......#..#....#
.##.###.......#
.## ..
.....##..####..#
##
#######.........
##'######.#
##...## #.#
##.....## #.####


You could see 3 gnolls.

Vanquished Creatures
  A gnoll (D:2)
  An adder (D:2)
  2 bats
  4 giant cockroaches
  2 goblins
  3 hobgoblins (D:1)
  4 jackals (D:1)
  A quokka (D:1)
  A ball python (D:1)
  2 frilled lizards (D:1)
  2 kobolds
  A rat (D:1)
24 creatures vanquished.

Notes
Turn   | Place    | Note
-------+----------+-------------------------------------------
     0 | Abyss:1  | Mickster the Ogre Abyssal Knight began the quest for the
                  | Orb.
     0 | Abyss:1  | Reached XP level 1. HP: 24/24 MP: 2/2
    47 | D:1      | Escaped the Abyss
   347 | D:1      | Reached XP level 2. HP: 27/33 MP: 3/3
   784 | D:1      | Reached ** piety under Lugonu
   968 | D:2      | Reached XP level 3. HP: 40/41 MP: 4/4
  1122 | D:2      | HP: 2/41 [gnoll (10)]
  1122 | D:2      | Demolished by a gnoll

Illustrated notes

Levels and vault maps discovered:
D:1:      scummos_arrival_gate, layout_rooms, roderic_lattice_a,
          serial_park_tiny_1
D:2:      kennysheep_six_static_rooms, layout_loops_corners, grunt_ministairs_14

Action                   || total
-------------------------++-------
Melee: Hand axe          ||    68
  Use: Scroll            ||     1
       Potion            ||     3
Armor: Robe              ||    31
Dodge: Dodged            ||    55
